[ AOE2 MATCH · #506387605 ]
UnrankedTupi vs Jurchens
Player's team · LOSS
Rival team · WIN
[ REPLAY ANALYSIS · EXTRACTED FROM THE RECORDED GAME ]
Feudal
11:00
Castle
—
Imperial
—
| APM avg | 53.2 |
| APM peak | 89 |
| eAPM avg | 26.8 |
| Villagers / military | 54 / 70 |
Focus
⚔️ 62.0% · 🌾 38.0%
Archer ×47 · Spearman ×23 · Unknown (2550) ×8
Feudal
8:09
Castle
24:16
Imperial
—
| APM avg | 61.8 |
| APM peak | 90 |
| eAPM avg | 31.3 |
| Villagers / military | 60 / 40 |
Focus
⚔️ 41.4% · 🌾 58.6%
Scout Cavalry ×32 · Steppe Lancer ×6 · Militia ×2
Match map
Initial resources + every placement click. Lines = walls · curves = elevation contours. ◆ gold · ⬟ stone · ● berries · ✦ relic · ◌ wall gap
Your base· Open — unwalled flank
Tomppa's base· Open — 3t gap
Smoothed initial terrain · ◌ = detected wall gap · hover for details
Inputs per minute
— O grande - - Tomppa
Build order — O grande
First 150 of 198 actions detected
| 0:02 | Queue | Villager (Male) |
| 0:04 | Build | House |
| 0:05 | Build | House |
| 0:07 | Research | Loom |
| 0:08 | Build | House |
| 0:34 | Queue | Villager (Male) |
| 0:34 | Queue | Villager (Male) |
| 0:35 | Queue | Villager (Male) |
| 0:35 | Queue | Villager (Male) |
| 1:04 | Queue | Villager (Male) |
| 1:04 | Queue | Villager (Male) |
| 1:23 | Queue | Unit 2550 |
| 1:23 | Queue | Unit 2550 |
| 1:23 | Queue | Unit 2550 |
| 1:23 | Queue | Unit 2550 |
| 1:41 | Build | Settlement |
| 1:49 | Queue | Villager (Male) |
| 1:49 | Queue | Villager (Male) |
| 2:23 | Queue | Villager (Male) |
| 2:23 | Queue | Villager (Male) |
| 2:36 | Queue | Villager (Male) |
| 2:36 | Queue | Villager (Male) |
| 2:56 | Queue | Villager (Male) |
| 3:14 | Queue | Unit 2550 |
| 3:37 | Queue | Villager (Male) |
| 3:37 | Queue | Villager (Male) |
| 4:07 | Queue | Villager (Male) |
| 4:07 | Queue | Villager (Male) |
| 4:08 | Queue | Villager (Male) |
| 4:09 | Queue | Villager (Male) |
| 4:25 | Queue | Villager (Male) |
| 4:25 | Queue | Villager (Male) |
| 4:48 | Queue | Villager (Male) |
| 5:12 | Queue | Villager (Male) |
| 5:52 | Queue | Villager (Male) |
| 6:03 | Queue | Unit 2550 |
| 6:07 | Queue | Unit 2550 |
| 6:07 | Queue | Unit 2550 |
| 6:10 | Queue | Villager (Male) |
| 6:46 | Queue | Villager (Male) |
| 6:52 | Build | House |
| 7:10 | Queue | Villager (Male) |
| 7:14 | Build | Settlement |
| 7:22 | Queue | Villager (Male) |
| 7:48 | Build | Outpost |
| 7:53 | Build | Outpost |
| 7:58 | Build | Outpost |
| 8:13 | Queue | Villager (Male) |
| 8:50 | Research | Feudal Age |
| 8:50 | Research | Feudal Age |
| 8:59 | Build | Outpost |
| 9:05 | Build | Outpost |
| 9:10 | Build | Outpost |
| 9:24 | Build | Outpost |
| 11:00 | Age | Feudal Age |
| 11:03 | Queue | Spearman |
| 11:03 | Queue | Spearman |
| 11:11 | Queue | Spearman |
| 11:42 | Queue | Villager (Male) |
| 11:42 | Queue | Villager (Male) |
| 11:43 | Queue | Villager (Male) |
| 11:46 | Build | Archery Range |
| 12:00 | Research | Double-Bit Axe |
| 12:19 | Build | Archery Range |
| 12:30 | Queue | Villager (Male) |
| 12:32 | Queue | Archer |
| 12:33 | Queue | Archer |
| 12:43 | Build | Blacksmith |
| 12:44 | Queue | Archer |
| 13:01 | Queue | Archer |
| 13:02 | Queue | Villager (Male) |
| 13:04 | Queue | Archer |
| 13:04 | Queue | Archer |
| 13:17 | Build | House |
| 13:20 | Build | House |
| 13:22 | Build | House |
| 13:23 | Queue | Archer |
| 13:23 | Queue | Archer |
| 13:27 | Build | Palisade Wall |
| 13:28 | Build | Palisade Wall |
| 13:30 | Build | Palisade Wall |
| 13:32 | Build | Palisade Wall |
| 13:34 | Build | Palisade Wall |
| 13:35 | Build | Palisade Wall |
| 13:35 | Build | Palisade Wall |
| 13:51 | Research | Fletching |
| 13:59 | Build | House |
| 14:01 | Queue | Spearman |
| 14:01 | Queue | Spearman |
| 14:02 | Queue | Villager (Male) |
| 14:04 | Queue | Archer |
| 14:13 | Build | Settlement |
| 14:14 | Queue | Villager (Male) |
| 14:25 | Queue | Archer |
| 14:40 | Queue | Archer |
| 14:43 | Build | Farm |
| 14:44 | Build | Farm |
| 14:46 | Queue | Villager (Male) |
| 14:48 | Queue | Archer |
| 14:57 | Build | Outpost |
| 15:01 | Build | Outpost |
| 15:04 | Build | Outpost |
| 15:19 | Build | Farm |
| 15:20 | Build | Farm |
| 15:23 | Research | Town Watch |
| 15:23 | Research | Town Watch |
| 15:28 | Queue | Archer |
| 15:28 | Queue | Archer |
| 15:49 | Build | House |
| 16:00 | Queue | Villager (Male) |
| 16:01 | Queue | Villager (Male) |
| 16:07 | Queue | Archer |
| 16:07 | Queue | Archer |
| 16:20 | Queue | Spearman |
| 16:29 | Queue | Villager (Male) |
| 16:32 | Queue | Spearman |
| 16:32 | Queue | Spearman |
| 16:33 | Queue | Archer |
| 17:14 | Queue | Villager (Male) |
| 17:18 | Queue | Archer |
| 17:18 | Queue | Archer |
| 17:31 | Queue | Spearman |
| 17:32 | Queue | Spearman |
| 17:36 | Queue | Archer |
| 17:45 | Build | House |
| 17:47 | Build | Palisade Wall |
| 18:08 | Build | Outpost |
| 18:30 | Queue | Archer |
| 18:30 | Queue | Archer |
| 18:35 | Queue | Archer |
| 18:39 | Queue | Spearman |
| 18:39 | Queue | Spearman |
| 18:41 | Queue | Villager (Male) |
| 18:54 | Build | Palisade Wall |
| 19:00 | Queue | Villager (Male) |
| 19:11 | Build | Palisade Wall |
| 19:12 | Build | Palisade Wall |
| 19:24 | Queue | Villager (Male) |
| 19:50 | Research | Padded Archer Armor |
| 19:52 | Queue | Villager (Male) |
| 19:52 | Queue | Archer |
| 19:53 | Queue | Archer |
| 19:53 | Queue | Archer |
| 20:26 | Queue | Archer |
| 20:26 | Queue | Archer |
| 20:33 | Queue | Archer |
| 20:33 | Queue | Villager (Male) |
| 20:34 | Queue | Villager (Male) |
| 20:34 | Queue | Villager (Male) |
| 20:40 | Queue | Spearman |
Build order — Tomppa
First 150 of 188 actions detected
| 0:01 | Queue | Villager (Male) |
| 0:02 | Build | House |
| 0:04 | Research | Loom |
| 0:04 | Build | House |
| 0:19 | Queue | Villager (Male) ×4 |
| 0:19 | Queue | Villager (Male) ×4 |
| 1:17 | Queue | Villager (Male) |
| 1:17 | Queue | Villager (Male) |
| 1:55 | Queue | Militia |
| 2:15 | Queue | Militia |
| 2:39 | Queue | Villager (Male) |
| 2:39 | Queue | Villager (Male) |
| 2:45 | Queue | Villager (Male) |
| 2:45 | Queue | Villager (Male) |
| 2:46 | Build | House |
| 3:21 | Queue | Villager (Male) |
| 3:21 | Queue | Villager (Male) |
| 3:23 | Build | Lumber Camp |
| 3:41 | Queue | Villager (Male) |
| 3:41 | Queue | Villager (Male) |
| 4:05 | Queue | Villager (Male) ×3 |
| 4:35 | Queue | Villager (Male) |
| 4:49 | Queue | Villager (Male) |
| 5:09 | Build | Mill |
| 5:28 | Build | House |
| 5:56 | Research | Feudal Age |
| 5:56 | Research | Feudal Age |
| 6:31 | Build | Palisade Wall |
| 6:48 | Build | Palisade Wall |
| 6:55 | Build | House |
| 6:57 | Build | Palisade Wall |
| 7:24 | Build | Barracks |
| 7:26 | Build | Palisade Wall |
| 7:26 | Build | Palisade Wall |
| 7:34 | Build | Palisade Wall |
| 7:34 | Build | Palisade Wall |
| 7:39 | Queue | Villager (Male) |
| 7:47 | Build | Palisade Wall |
| 7:55 | Queue | Villager (Male) |
| 8:09 | Age | Feudal Age |
| 8:19 | Build | Palisade Wall |
| 8:24 | Build | Palisade Wall |
| 8:39 | Build | Stable |
| 8:42 | Build | Stable |
| 8:45 | Queue | Villager (Male) |
| 8:53 | Research | Double-Bit Axe |
| 8:54 | Research | Double-Bit Axe |
| 8:55 | Queue | Villager (Male) |
| 9:20 | Queue | Scout Cavalry |
| 9:21 | Queue | Scout Cavalry |
| 9:26 | Build | House |
| 9:31 | Build | Mill |
| 9:33 | Queue | Villager (Male) |
| 9:43 | Queue | Villager (Male) |
| 9:54 | Queue | Scout Cavalry |
| 9:54 | Queue | Scout Cavalry |
| 10:06 | Queue | Scout Cavalry |
| 10:12 | Research | Horse Collar |
| 10:13 | Research | Horse Collar |
| 10:19 | Build | Farm |
| 10:37 | Queue | Villager (Male) |
| 10:40 | Build | Farm |
| 10:48 | Build | Farm |
| 10:49 | Queue | Villager (Male) |
| 11:12 | Queue | Scout Cavalry |
| 11:14 | Queue | Villager (Male) |
| 11:26 | Queue | Scout Cavalry |
| 11:32 | Queue | Scout Cavalry |
| 11:43 | Build | Farm |
| 11:44 | Build | Farm |
| 11:53 | Queue | Villager (Male) |
| 11:58 | Build | Farm |
| 11:59 | Build | House |
| 12:04 | Queue | Scout Cavalry |
| 12:13 | Build | Farm |
| 12:19 | Queue | Villager (Male) |
| 12:20 | Queue | Villager (Male) |
| 12:20 | Queue | Villager (Male) |
| 12:27 | Build | Farm |
| 12:37 | Queue | Scout Cavalry |
| 12:42 | Queue | Villager (Male) |
| 12:58 | Queue | Scout Cavalry |
| 13:00 | Queue | Villager (Male) |
| 13:07 | Build | Blacksmith |
| 13:09 | Queue | Scout Cavalry |
| 13:20 | Queue | Villager (Male) |
| 13:22 | Build | House |
| 13:32 | Build | Mining Camp |
| 13:34 | Queue | Villager (Male) |
| 13:38 | Research | Forging |
| 13:52 | Build | House |
| 13:57 | Queue | Scout Cavalry |
| 14:02 | Queue | Villager (Male) |
| 14:05 | Build | Farm |
| 14:12 | Queue | Villager (Male) |
| 14:22 | Build | House |
| 14:42 | Queue | Villager (Male) |
| 14:45 | Build | Farm |
| 14:58 | Research | Bloodlines |
| 15:00 | Queue | Villager (Male) |
| 15:03 | Build | Farm |
| 15:04 | Build | Farm |
| 15:07 | Build | Farm |
| 15:29 | Research | Scale Barding Armor |
| 15:29 | Research | Scale Barding Armor |
| 15:34 | Queue | Villager (Male) |
| 15:58 | Queue | Villager (Male) |
| 16:05 | Build | Market |
| 16:13 | Queue | Scout Cavalry |
| 16:22 | Build | House |
| 16:31 | Queue | Scout Cavalry |
| 16:31 | Queue | Scout Cavalry |
| 16:53 | Queue | Scout Cavalry |
| 17:06 | Build | Lumber Camp |
| 17:13 | Queue | Villager (Male) |
| 17:13 | Queue | Villager (Male) |
| 17:13 | Queue | Villager (Male) |
| 17:29 | Build | Farm |
| 17:42 | Build | Farm |
| 17:43 | Queue | Villager (Male) |
| 17:46 | Build | Farm |
| 17:53 | Build | Watch Tower |
| 18:01 | Queue | Villager (Male) |
| 18:09 | Build | Farm |
| 18:23 | Build | Farm |
| 18:25 | Queue | Scout Cavalry |
| 18:36 | Queue | Villager (Male) |
| 18:42 | Build | Farm |
| 18:47 | Build | Farm |
| 19:03 | Build | Farm |
| 19:04 | Build | Farm |
| 19:05 | Queue | Villager (Male) |
| 19:16 | Queue | Scout Cavalry |
| 19:27 | Build | Farm |
| 19:29 | Build | Farm |
| 19:30 | Build | Farm |
| 19:30 | Build | Farm |
| 19:32 | Queue | Villager (Male) |
| 19:36 | Queue | Scout Cavalry |
| 19:54 | Research | Wheelbarrow |
| 19:55 | Research | Wheelbarrow |
| 20:25 | Queue | Villager (Male) |
| 20:28 | Queue | Scout Cavalry |
| 20:47 | Queue | Scout Cavalry |
| 21:36 | Research | Castle Age |
| 21:36 | Research | Castle Age |
| 21:59 | Build | Stable |
| 22:09 | Build | Lumber Camp |
| 22:17 | Queue | Scout Cavalry |
| 22:27 | Queue | Scout Cavalry |
Match timeline
| 6:31 | Tomppa · wall_segment Palisade Wall x1 |
| 6:48 | Tomppa · wall_segment Palisade Wall x1 |
| 6:57 | Tomppa · wall_segment Palisade Wall x1 |
| 7:24 | Tomppa · first_building Barracks |
| 7:26 | Tomppa · wall_segment Palisade Wall x1 |
| 7:26 | Tomppa · wall_segment Palisade Wall x1 |
| 7:34 | Tomppa · wall_segment Palisade Wall x1 |
| 7:34 | Tomppa · wall_segment Palisade Wall x1 |
| 7:47 | Tomppa · wall_segment Palisade Wall x1 |
| 8:09 | Tomppa · age_up feudal |
| 8:19 | Tomppa · wall_segment Palisade Wall x1 |
| 8:24 | Tomppa · wall_segment Palisade Wall x1 |
| 8:39 | Tomppa · first_building Stable |
| 11:00 | O grande · age_up feudal |
| 11:46 | O grande · first_building Archery Range |
| 13:27 | O grande · wall_segment Palisade Wall x1 |
| 13:28 | O grande · wall_segment Palisade Wall x1 |
| 13:30 | O grande · wall_segment Palisade Wall x1 |
| 13:32 | O grande · wall_segment Palisade Wall x1 |
| 13:34 | O grande · wall_segment Palisade Wall x1 |
| 13:35 | O grande · wall_segment Palisade Wall x1 |
| 13:35 | O grande · wall_segment Palisade Wall x1 |
| 17:47 | O grande · wall_segment Palisade Wall x4 |
| 18:54 | O grande · wall_segment Palisade Wall x1 |
| 19:11 | O grande · wall_segment Palisade Wall x1 |
| 19:12 | O grande · wall_segment Palisade Wall x1 |
| 19:54 | Tomppa · first_market_buy 100 food |
| 21:15 | Tomppa · first_market_sell 100 wood |
| 23:25 | Tomppa · wall_segment Palisade Wall x1 |
| 23:28 | Tomppa · wall_segment Palisade Wall x1 |
| 23:30 | Tomppa · wall_segment Palisade Wall x1 |
| 24:16 | Tomppa · age_up castle |
| 25:54 | O grande · resign |
[ AI ANALYSIS · 1 CREDIT ]
What really happened in this match?
Wolo.gg analyzes every decision: build order, eco, micro, common mistakes by bracket. Personalized analysis on WhatsApp or Discord in 30 seconds.
Civ guide
Tupi
Perfil
Jugador #18415948